 Dungeon Crawl Stone Soup version 0.14.0-26-g1682e81 (webtiles) character file.

5177 Maka the Grappler (level 10, -3/138 HPs)
             Began as a Troll Monk on Apr 27, 2014.
             Slain by a basilisk (8 damage)
             ... on Level 3 of the Lair of Beasts.
             The game lasted 00:20:58 (5468 turns).

Maka the Grappler (Troll Monk)                      Turns: 5468, Time: 00:20:58

HP  -3/138       AC  7     Str 26      XL: 10   Next: 29%
MP   4/4         EV  1     Int  6      God:
Gold 196         SH  0     Dex 15      Spells:  0 memorised,  9 levels left

rFire  + . .     SeeInvis .       - Unarmed
rCold  + . .     Clarity  .     F - +1 robe {rF+}
rNeg   + + +     Conserve .     (shield restricted)
rPois  +         rCorr    .     (helmet restricted)
rElec  .         rRot     +     a - +0 cloak
SustAb . .       Spirit   .     (gloves unavailable)
rMut   +         Warding  .     (boots unavailable)
Gourm  +         Stasis   .     q - cursed amulet of resist mutation
MR     .....                    i - ring of positive energy
                                D - ring of protection from cold

@: petrified, berserking, lethally poisoned, not resistant to hostile
enchantments, extremely unstealthy
A: unfitting armour, claws 3, fast metabolism 3, gourmand, regeneration 2,
saprovore 2, shaggy fur 1, tough skin 2
a: no special abilities


You were on level 3 of the Lair of Beasts.
You were very full.

You visited 2 branches of the dungeon, and saw 11 of its levels.
You also visited: Bailey.

You collected 334 gold pieces.
You spent 138 gold pieces at shops.

Inventory:

Missiles
 o - 8 javelins (quivered)
Armour
 a - a +0 cloak (worn)
 y - a +1 robe
 F - a +1 robe of fire resistance (worn)
Magical devices
 d - a wand of frost (18)
 C - a wand of lightning (5)
 E - a wand of cold (4)
 J - a wand of flame (9)
Comestibles
 b - 5 meat rations
 h - 3 bread rations
Scrolls
 n - a scroll of enchant weapon II
 p - 3 scrolls of blinking
 v - a scroll of fear
 w - a scroll of recharging
 x - a scroll of teleportation
 G - a scroll of fog
Jewellery
 f - an uncursed ring of sustain abilities
 i - a ring of positive energy (right claw)
 l - an uncursed ring of sustain abilities
 q - a cursed amulet of resist mutation (around neck)
 D - a ring of protection from cold (left claw)
Potions
 c - 4 potions of curing
 e - a potion of brilliance
 g - a potion of restore abilities
 j - 2 potions of flight
 k - a potion of resistance
 m - a potion of heal wounds
 r - a potion of mutation {unknown}
 s - 2 potions of berserk rage
 t - 2 potions of lignification {unknown}
 u - a potion of experience {unknown}
 z - 2 potions of porridge
 A - a potion of poison {unknown}
 H - a potion of magic {unknown}
Books
 B - a book of Alchemy

   Spells                             Type                      Level
   Lethal Infusion                    Charms/Necromancy            2
   Sublimation of Blood               Necromancy                   2
   Condensation Shield                Ice                          4
   Petrify                            Transmutation/Earth          4
   Ignite Poison                      Fire/Transmutation           5
 I - a book of Beasts

   Spells                             Type                      Level
   Summon Butterflies                 Summoning                    1
   Call Canine Familiar               Summoning                    3
   Summon Ice Beast                   Ice/Summoning                4
   Summon Mana Viper                  Hexes/Summoning              5
   Monstrous Menagerie                Summoning                    6
   Summon Hydra                       Summoning                    7


   Skills:
 - Level 4.1 Fighting
 + Level 8.1 Dodging
 - Level 1.1 Stealth
 - Level 12.0 Unarmed Combat


You had 9 spell levels left.
You didn't know any spells.

Dungeon Overview and Level Annotations

Branches:
Dungeon (8/15)               Lair (3/8) D:8
 Temple: D:4-7        Swamp: Lair:3-6    Shoals: Lair:3-6     Snake: Lair:3-6
 Spider: Lair:3-6

Altars:
Dithmenos
Makhleb
Xom
Yredelemnul
The Shining One

Shops:
D:5 !

Annotations:
D:3 Sigmund


Innate Abilities, Weirdness & Mutations

You are too large for most types of armour.
You have claws for hands.
Your metabolism is lightning-fast.
You like to eat raw meat.
You heal very quickly.
You can eat rotten meat.
You are covered in fur (AC +1).
You have very tough skin (AC +2).


Message History

You barely miss the black mamba.
The black mamba is heavily wounded.
You feel sick.
The black mamba is no longer bleeding.
The black mamba completely misses you. The basilisk bites you!
* * * LOW HITPOINT WARNING * * *
Your limbs are stiffening.
You mangle the black mamba!!
You kill the black mamba!
Your Dodging skill increases to level 8!
You closely miss the basilisk. You claw the basilisk!
The basilisk is moderately wounded.
The basilisk completely misses you.
You have turned to stone.
The basilisk bites you.
* * * LOW HITPOINT WARNING * * *
The jackal bites you.
The jackal bites you but does no damage.
The basilisk gazes at you.
The jackal bites you but does no damage.
The basilisk bites you!
You die...

. .).. ... ..#
#.. #.# #.##
#..# ##l@#
#.h## #..### .
#...f#....#
#.<.....#
..............#
...............
...............
......<........


You could see a basilisk and a jackal.

Vanquished Creatures
  Pikel (D:4)
  A black mamba (Lair:3)
  2 spiny frogs
  A fire drake (D:8)
  A hippogriff (Lair:1)
  Edmund (D:5)
  A water moccasin (Lair:2)
  A porcupine (Lair:2)
  A slave (D:4)
  5 orc warriors
  A black bear (D:8)
  A sky beast (D:6)
  2 ice beasts (D:5)
  2 ogres
  Duvessa (D:5)
  A crocodile (Lair:2)
  A giant frog (Lair:2)
  6 killer bees (D:7)
  Dowan (D:5)
  A centaur zombie (D:8)
  2 crimson imps
  6 hounds
  6 orc wizards
  A gnoll shaman (D:6)
  2 iguanas (Lair:2)
  10 orc priests
  A black bear skeleton (D:7)
  Natasha (twice) (D:3)
  A quasit (D:7)
  4 worker ants
  Ijyb (D:2)
  A big kobold skeleton (D:7)
  8 gnolls (D:6)
  8 adders
  A giant mite (D:7)
  A goliath beetle zombie (D:8)
  4 worms
  An orc skeleton (D:5)
  A giant eyeball (D:4)
  5 giant geckos
  3 oozes
  46 orcs
  11 bats
  8 goblins
  12 hobgoblins
  11 jackals
  6 quokkas
  5 giant cockroaches
  3 giant newts
  9 kobolds
  A kobold zombie (D:6)
  12 rats
  A spectral orc (D:2)
226 creatures vanquished.

Notes
Turn   | Place    | Note
--------------------------------------------------------------
     0 | D:1      | Maka, the Troll Monk, began the quest for the Orb.
     0 | D:1      | Reached XP level 1. HP: 22/22 MP: 1/1
   416 | D:1      | Reached XP level 2. HP: 29/29 MP: 1/1
   603 | D:2      | Noticed Ijyb
   621 | D:2      | Killed Ijyb
   621 | D:2      | Reached skill level 5 in Unarmed Combat
   621 | D:2      | Reached XP level 3. HP: 16/36 MP: 2/2
   799 | D:2      | Reached XP level 4. HP: 44/44 MP: 2/2
   939 | D:2      | Found a shadowy altar of Dithmenos.
   972 | D:2      | Found a basalt altar of Yredelemnul.
  1114 | D:3      | Reached skill level 6 in Unarmed Combat
  1141 | D:3      | Noticed Sigmund
  1159 | D:3      | HP: 1/44 [orc priest/divine providence (11)]
  1440 | D:3      | Noticed Natasha
  1450 | D:3      | Killed Natasha
  1450 | D:3      | Reached XP level 5. HP: 36/50 MP: 2/2
  1563 | D:3      | Reached skill level 7 in Unarmed Combat
  1830 | D:3      | Reached XP level 6. HP: 57/59 MP: 3/3
  1854 | D:3      | Noticed Natasha
  1862 | D:3      | Killed Natasha
  2177 | D:4      | Found a burning altar of Makhleb.
  2177 | D:4      | Noticed an Executioner
  2287 | D:4      | Paralysed by a giant eyeball for 2 turns
  2330 | D:4      | Reached XP level 7. HP: 34/66 MP: 3/3
  2464 | D:4      | Noticed Pikel
  2485 | D:4      | Killed Pikel
  2485 | D:4      | Reached skill level 9 in Unarmed Combat
  2485 | D:4      | Reached XP level 8. HP: 49/74 MP: 3/3
  2648 | D:5      | Entered Level 5 of the Dungeon
  2816 | D:5      | Noticed Duvessa
  2817 | D:5      | Noticed Dowan
  2854 | D:5      | Killed Duvessa
  2910 | D:5      | Killed Dowan
  2910 | D:5      | Reached skill level 10 in Unarmed Combat
  3043 | D:5      | Found Mouhuydgh's Distillery.
  3050 | D:5      | Noticed Edmund
  3068 | D:5      | Killed Edmund
  3116 | D:5      | Bought 2 potions of heal wounds for 72 gold pieces
  3116 | D:5      | Bought a potion of heal wounds for 36 gold pieces
  3116 | D:5      | Bought a potion of might for 30 gold pieces
  3588 | D:6      | Reached skill level 11 in Unarmed Combat
  3755 | D:5      | Reached XP level 9. HP: 27/81 MP: 4/4
  4024 | D:7      | Found a flagged portal.
  4054 | Bailey   | Entered a bailey
  4151 | Bailey   | Reached skill level 12 in Unarmed Combat
  4299 | D:7      | Found a glowing golden altar of the Shining One.
  4348 | D:7      | Found a glowing golden altar of the Shining One.
  4644 | D:7      | Reached skill level 5 in Dodging
  4855 | D:8      | Found a shimmering altar of Xom.
  5006 | D:8      | Found a staircase to the Lair.
  5008 | D:8      | Noticed a fire drake
  5029 | D:8      | Killed a fire drake
  5086 | Lair:1   | Entered Level 1 of the Lair of Beasts
  5098 | Lair:1   | Noticed a spiny frog
  5110 | Lair:1   | Killed a spiny frog
  5127 | Lair:1   | Reached XP level 10. HP: 51/91 MP: 4/4
  5450 | Lair:3   | Noticed a black mamba
  5463 | Lair:3   | HP: 3/138 [basilisk (6)]
  5464 | Lair:3   | Killed a black mamba
  5468 | Lair:3   | Slain by a basilisk

Action                   |  1- 3 |  4- 6 |  7- 9 | 10-12 || total
-------------------------+-------+-------+-------+-------++-------
Melee: Unarmed           |    79 |   210 |   346 |    51 ||   686
Evoke: Wand              |       |       |     1 |     2 ||     3
  Use: Scroll            |     4 |     8 |     8 |     1 ||    21
       Potion            |       |       |     6 |     2 ||     8
